 Dungeon Crawl Stone Soup version 0.29-a0-757-g358383bc75 (webtiles) character file.

Game seed: 11612799278409469415

79 HoaS the Shooter (level 4, -4/26 HPs)
             Began as a Tengu Hunter on June 30, 2022.
             Slain by an iguana (11 damage)
             ... on level 3 of the Dungeon.
             The game lasted 00:04:34 (1713 turns).

HoaS the Shooter (Tengu Hunter)                     Turns: 1713, Time: 00:04:34

Health: -4/26      AC:  6    Str: 12    XL:     4   Next: 37%
Magic:  5/5        EV: 11    Int:  9    God:
Gold:   95         SH:  0    Dex: 19    Spells: 3/3 levels left

rFire   . . .      SeeInvis .   a - +0 shortbow
rCold   + . .      Faith    .   (shield currently unavailable)
rNeg    . . .      Spirit   .   i - +1 ring mail of Quantum Leap {rC+ Regen+}
rPois   .          Reflect  .   (helmet restricted)
rElec   .          Harm     .   (no cloak)
rCorr   .          Rampage  .   (no gloves)
Will    .....                   (boots unavailable)
Stlth   +.........              (no amulet)
HPRegen 0.88/turn               (no ring)
MPRegen 0.09/turn               (no ring)

@: no status effects
A: beak, talons 3
a: no special abilities


You were on level 3 of the Dungeon.
You visited 1 branch of the dungeon, and saw 3 of its levels.

You collected 95 gold pieces.

Inventory:

Hand Weapons
 a - a +0 shortbow (weapon)
Armour
 i - the +1 ring mail of Quantum Leap (worn) {rC+ Regen+}
   (You found it on level 3 of the Dungeon)

   rC:        It protects you from cold.
   Regen:     It increases your rate of health regeneration.
Scrolls
 b - a scroll of immolation
 h - a scroll of identify
Potions
 c - 2 potions of mutation {unknown}
 d - a potion of flight
 f - a potion of attraction
 g - a potion of resistance


   Skills:
 - Level 2.0 Fighting
 + Level 6.3 Ranged Weapons
 - Level 2.1 Dodging
 - Level 1.0 Stealth


You had 3 spell levels left.
You didn't know any spells.
Your spell library contained the following spells:

 Spells                   Type           Power      Damage    Failure   Level
 Apportation              Tloc           0%         N/A       67%         1
 Dazzling Flash           Conj/Hex       0%         N/A       95%         3
 Inner Flame              Hex/Fire       0%         N/A       95%         3
 Cause Fear               Hex            0%         N/A       100%        4
 Agony                    Necr           0%         N/A       100%        5
 Alistair's Intoxication  Tmut/Pois      0%         N/A       100%        5
 Silence                  Hex/Air        0%         N/A       100%        5
 Discord                  Hex            0%         N/A       100%        8


Dungeon Overview and Level Annotations

Branches:
Dungeon (3/15)

Altars:

Annotations:
D:3 Sigmund


Innate Abilities, Weirdness & Mutations

You have a beak for a mouth.
You have claws for feet.


Message History

You shoot an arrow. The arrow hits the iguana.
The iguana is lightly wounded.
The iguana bites you.
You shoot an arrow. The arrow hits the iguana.
The iguana is heavily wounded.
The iguana closely misses you.
You shoot an arrow. The arrow closely misses the iguana.
The iguana completely misses you.
You shoot an arrow. The arrow hits the iguana.
The iguana is almost dead.
The iguana barely misses you. The iguana bites you!
You shoot an arrow. The arrow closely misses the iguana.
The iguana bites you!
You are too injured to fight recklessly!
You are too injured to fight recklessly!
You are too injured to fight recklessly!
Fire: a) +0 shortbow
Press: ? - help, Q - select action Shift-Dir - straight line, f/p - iguana
Aim: an iguana (almost dead)
You shoot an arrow.
The arrow hits the iguana but does no damage.
The iguana is almost dead.
The iguana bites you.
* * * LOW HITPOINT WARNING * * *
Fire: a) +0 shortbow
Press: ? - help, Q - select action Shift-Dir - straight line, f/p - iguana
Aim: an iguana (almost dead)
You shoot an arrow. The arrow completely misses the iguana.
The iguana misses you. The iguana closely misses you.
Fire: a) +0 shortbow
Press: ? - help, Q - select action Shift-Dir - straight line, f/p - iguana
Aim: an iguana (severely wounded)
You shoot an arrow. The arrow barely misses the iguana.
The iguana bites you.
* * * LOW HITPOINT WARNING * * *
Fire: a) +0 shortbow
Press: ? - help, Q - select action Shift-Dir - straight line, f/p - iguana
Aim: an iguana (severely wounded)
You shoot an arrow. The arrow barely misses the iguana.
The iguana bites you!
You die...

### #.## #..## ##..##
#...# # ##..#
##############.#######
.##†.......###.......#
................@.#.†#
##..........#####l#
#.......^...... g..
#............#.#.....
#.............. .......
#......................
#......................
.................$....$
........#


You could see an iguana and a goblin.

Vanquished Creatures
  A gnoll (D:1)
  2 adders
  A worm (D:3)
  A dart slug (D:3)
  3 orcs (D:2)
  2 bats (D:1)
  6 endoplasms
  A giant cockroach (D:2)
  4 goblins
  7 hobgoblins
  6 ball pythons
  A frilled lizard (D:1)
  4 kobolds
  A rat (D:1)
40 creatures vanquished.

Notes
Turn   | Place    | Note
-------+----------+-------------------------------------------
     0 | D:1      | HoaS the Tengu Hunter began the quest for the Orb.
     0 | D:1      | Reached XP level 1. HP: 12/12 MP: 2/2
    13 | D:1      | Reached XP level 2. HP: 12/17 MP: 3/3
   155 | D:1      | Reached skill level 5 in Ranged Weapons
   757 | D:1      | Reached XP level 3. HP: 21/21 MP: 4/4
  1242 | D:2      | Reached skill level 6 in Ranged Weapons
  1384 | D:3      | Noticed Sigmund
  1397 | D:2      | Reached XP level 4. HP: 15/26 MP: 5/5
  1588 | D:2      | Upgraded the game from 0.29-a0-732-g3d7fbe0af2 to
                  | 0.29-a0-757-g358383bc75
  1626 | D:3      | Identified the +1 ring mail of Quantum Leap {rC+ Regen+}
  1713 | D:3      | Slain by an iguana

Illustrated notes

Levels and vault maps discovered:
D:1:      lightli_arrival_maybe_door_vault, layout_basic,
          amcnicky_mini_rare_corridor_liquid
D:2:      layout_basic, minmay_misc_feat_iff
D:3:      layout_rooms, basic_ecumenical_altar, uniq_sigmund

Skill      XL: |  1  2  3 |
---------------+----------+-----
Ranged Weapons | 5 6 |  6.3
Fighting       | |  2.0
Dodging        | |  2.1
Stealth        | |  1.0

Action                   |  1- 3 |  4- 6 || total
-------------------------+-------+-------++-------
Melee: Unarmed           |     2 |     2 ||     4
 Fire: Shortbow          |    77 |    27 ||   104
  Use: Scroll            |     5 |       ||     5
       Potion            |     1 |       ||     1
Armor: Leather armour    |     9 |       ||     9
       Skin              |     1 |     1 ||     2
       Ring mail         |       |     1 ||     1
Dodge: Dodged            |    15 |     7 ||    22

Table legend: (Time is in decaauts)
 A = Elapsed time spent in this place.
 B = Non-inter-level travel time spent in this place.
 C = Inter-level travel time spent in this place.
 D = Time resting spent in this place.
 E = Time spent auto-exploring this place.
 F = Levels seen in this place.
 G = Mean time per level.
                   A        B        C        D        E       F      G
               +--------+--------+--------+--------+--------+-----+--------+
         Total |   1740 |   1680 |     60 |    621 |    824 |   3 |  580.0 |
       Dungeon |   1740 |   1680 |     60 |    621 |    824 |   3 |  580.0 |
               +--------+--------+--------+--------+--------+-----+--------+

Top non-repeatable levels by time:
     D:1: 841 daAuts
     D:2: 796 daAuts
     D:3: 103 daAuts
